 Dungeon Crawl Stone Soup version 0.30-a0-297-g0ec75d9ef4 (console) character file.

Game seed: 12226647881696868566

228 jejorda2 the Poker (level 6, -3/73 HPs)
             Began as a Merfolk Berserker on Oct 19, 2022.
             Was a Believer of Trog.
             Slain by a small abomination (14 damage)
             ... on level 3 of the Dungeon.
             The game lasted 00:05:43 (2786 turns).

jejorda2 the Poker (Merfolk Berserker)              Turns: 2786, Time: 00:05:45

Health: -3/73      AC:  7    Str: 19    XL:     6   Next: 2%
Magic:  6/6        EV: 10    Int:  6    God:    Trog [**....]
Gold:   169        SH:  0    Dex: 14    Spells: 5/5 levels left

rFire   . . .      SeeInvis .    a - +0 spear
rCold   . . .      Faith    .    (no shield)
rNeg    . . .      Spirit   .    q - +0 scale mail
rPois   .          Reflect  .    (no helmet)
rElec   .          Harm     .    (no cloak)
rCorr   .          Rampage  .    j - +0 pair of gloves
Will    ++...                    (no boots)
Stlth   ..........               (no amulet)
HPRegen 1.32/turn                (no ring)
MPRegen 0.10/turn                (no ring)

@: berserking, strong-willed (expiring), regenerating (expiring), very quick
A: (nimble swimmer 2), mertail
a: Renounce Religion, Berserk, Trog's Hand


You were on level 3 of the Dungeon.
You worshipped Trog.
Trog was pleased with you.
You visited 1 branch of the dungeon, and saw 3 of its levels.

You collected 169 gold pieces.

Inventory:

Hand Weapons
 a - a +0 spear (weapon)
Missiles
 d - 32 stones (quivered)
 r - 5 poisoned darts
 s - 2 javelins
Armour
 j - a +0 pair of gloves (worn)
 q - a +0 scale mail (worn)
Jewellery
 l - a ring of ice
Scrolls
 b - 3 scrolls of blinking {unknown}
 c - 2 scrolls of fear {unknown}
 e - a scroll of amnesia {unknown}
 f - 3 scrolls of identify {unknown}
 g - 3 scrolls of magic mapping {unknown}
 i - a scroll of enchant weapon {unknown}
 m - 2 scrolls of teleportation {unknown}
 o - a scroll of vulnerability {unknown}
Potions
 h - a potion of flight {unknown}
 k - a potion of magic {unknown}
 n - a potion of berserk rage {unknown}
 p - a potion of attraction {unknown}


   Skills:
 + Level 4.5 Fighting
 * Level 6.7 Polearms
 + Level 2.5 Armour
 - Level 2.6 Dodging


You had 5 spell levels left.
You didn't know any spells.
Your spell library was empty.

Dungeon Overview and Level Annotations

Branches:
Dungeon (3/15)

Altars:
Gozag

Shops:
D:1 [

Annotations:
D:3 1 transporter, Bediveer's ghost, amateur MfGl


Innate Abilities, Weirdness & Mutations

((You are very nimble when in or above water. (Stealth+, EV+, Speed+++)))
Your lower body shifts to a powerful aquatic tail in water.


Message History

Reach: a) +0 spear
Press: ? - help, Dir - move target, f/p - Bediveer's ghost
Aim: Bediveer's ghost (moderately damaged, about 43% to evade your +0 spear)
You reach to attack!
You closely miss Bediveer's ghost.
Bediveer's ghost is moderately damaged.
You feel the effects of Trog's Hand fading.
The shadow imp shouts, "Decamp, thou simpering kobold-kissing coxcomb!"
Reach: a) +0 spear
Press: ? - help, Dir - move target, f/p - Bediveer's ghost
Aim: Bediveer's ghost (moderately damaged, about 43% to evade your +0 spear)
You reach to attack!
You miss Bediveer's ghost.
Bediveer's ghost is moderately damaged.
Unknown command.
Reach: a) +0 spear
Press: ? - help, Dir - move target, f/p - Bediveer's ghost
Aim: Bediveer's ghost (moderately damaged, about 43% to evade your +0 spear)
The small abomination is in the way.
You closely miss the small abomination.
The small abomination is almost destroyed.
The small abomination hits you!
* * * LOW HITPOINT WARNING * * *
Reach: a) +0 spear
Press: ? - help, Dir - move target, f/p - Bediveer's ghost
Aim: Bediveer's ghost (moderately damaged, about 43% to evade your +0 spear)
The small abomination is in the way.
You hit the small abomination.
The small abomination is almost destroyed.
The small abomination hits you but does no damage.
Unknown command.
Reach: a) +0 spear
Press: ? - help, Dir - move target, f/p - Bediveer's ghost
Aim: Bediveer's ghost (moderately damaged, about 43% to evade your +0 spear)
You reach to attack!
You hit Bediveer's ghost.
Bediveer's ghost is moderately damaged.
Unknown command.
Reach: a) +0 spear
Press: ? - help, Dir - move target, f/p - Bediveer's ghost
Aim: Bediveer's ghost (moderately damaged, about 43% to evade your +0 spear)
You reach to attack!
You puncture Bediveer's ghost!
Bediveer's ghost is heavily damaged.
The small abomination hits you!
You die...

#.#....#.#
##.##....©#.......<. #......##
..###..##.##....#####
#.......# #..$. #####....[#
#.##....###.#####.........#
#.###.....#?.#.#..........#
#.###.....#.:x##..###.....#
#........##.#W#..##©##....#
#.##....## #x##.##..##...#
#.###...#.####@###...##..##
#.# #..##...##..)##.##...# #.#
#.©#....###.).#.#©...#
#.###..#.###..###.#.#....#
#......###.##.####.##....#
#.###.......###..###.....#
#...#....................#
###.#....................##
##.####...............#..#####


You could see 2 small abominations and Bediveer's ghost.

Vanquished Creatures
  A kobold brigand (D:3)
  A scorpion (D:3)
  3 adders
  3 worms
  3 dart slugs
  4 orcs (D:3)
  A ball python (D:1)
  3 endoplasms
  A giant cockroach (D:2)
  6 goblins
  5 hobgoblins
  4 kobolds
  7 quokkas
  5 bats
  4 frilled lizards
  5 rats
56 creatures vanquished.

Notes
Turn   | Place    | Note
-------+----------+-------------------------------------------
     0 | D:1      | jejorda2 the Merfolk Berserker began the quest for the Orb.
     0 | D:1      | Reached XP level 1. HP: 18/18 MP: 1/1
    14 | D:1      | Found Laashrife's Antique Armour Shop.
   166 | D:1      | Reached XP level 2. HP: 18/24 MP: 2/2
   798 | D:2      | Reached XP level 3. HP: 29/29 MP: 3/3
  1049 | D:2      | Reached skill level 5 in Polearms
  1450 | D:2      | Found an opulent altar of Gozag.
  1925 | D:3      | Reached ** piety under Trog
  1926 | D:3      | Reached XP level 4. HP: 37/37 MP: 4/4
  1939 | D:3      | Noticed a scorpion
  1950 | D:3      | Killed a scorpion
  1951 | D:3      | Reached skill level 6 in Polearms
  1951 | D:3      | Reached XP level 5. HP: 42/42 MP: 5/5
  2025 | D:3      | Found a transporter.
  2189 | D:3      | Found a transporter.
  2708 | D:3      | Noticed a kobold brigand
  2716 | D:3      | Killed a kobold brigand
  2717 | D:3      | Reached XP level 6. HP: 49/49 MP: 6/6
  2717 | D:3      | Identified the +4 falchion of the Inferno {flame, Int+4}
  2764 | D:3      | Noticed a small abomination
  2765 | D:3      | Noticed Bediveer's ghost (amateur MfGl)
  2786 | D:3      | Slain by a small abomination

Illustrated notes

Levels and vault maps discovered:
D:1:      dpeg_arrival_short_road, layout_loops_ring, serial_shops,
          nicolae_shop_advertising_works [nicolae_subvault_shop_adworks],
          chequers_serial_rivers_room_b, hangedman_feature_mirror
D:2:      layout_loops_corners, basic_altar, kennysheep_generic_room_14
D:3:      layout_loops_ring, gammafunk_ghost_abyssal_escape

Skill      XL: |  1  2  3  4 |
---------------+-------------+-----
Polearms       | 5 6 |  6.7
Armour         | 2 |  2.5
Fighting       | 4 |  4.5
Dodging        | |  2.6

Action                   |  1- 3 |  4- 6 || total
-------------------------+-------+-------++-------
Melee: Spear             |   153 |    92 ||   245
       Punch             |       |     1 ||     1
Throw: Stone             |       |     3 ||     3
Invok: Berserk           |       |     3 ||     3
       Trog's Hand       |       |     1 ||     1
 Stab: Sleeping          |     3 |       ||     3
Armor: Animal skin       |     1 |       ||     1
       Leather armour    |     8 |       ||     8
       Scale mail        |    18 |    15 ||    33
Dodge: Dodged            |    65 |    27 ||    92

Table legend: (Time is in decaauts)
 A = Elapsed time spent in this place.
 B = Non-inter-level travel time spent in this place.
 C = Inter-level travel time spent in this place.
 D = Time resting spent in this place.
 E = Time spent auto-exploring this place.
 F = Levels seen in this place.
 G = Mean time per level.
                   A        B        C        D        E       F      G
               +--------+--------+--------+--------+--------+-----+--------+
         Total |   2761 |   2662 |     99 |    240 |   1935 |   3 |  920.3 |
       Dungeon |   2761 |   2662 |     99 |    240 |   1935 |   3 |  920.3 |
               +--------+--------+--------+--------+--------+-----+--------+

Top non-repeatable levels by time:
     D:2: 1012 daAuts
     D:3: 968 daAuts
     D:1: 780 daAuts
